 Dungeon Crawl Stone Soup version 0.25-a0-578-gc91f01c39c (webtiles) character file.

Game seed: 4989371186582858422, levelgen mode: deterministic

76 Flugslaktarn the Skirmisher (level 4, 0/40 HPs)
             Began as a Minotaur Fighter on Mar 3, 2020.
             Killed from afar by Sigmund (2 damage)
             ... with a puff of flame
             ... on level 3 of the Dungeon.
             The game lasted 00:00:30 (819 turns).

Flugslaktarn the Skirmisher (Minotaur Fighter)       Turns: 819, Time: 00:00:31

Health: 0/40       AC:  7    Str: 21    XL:     4   Next: 12%
Magic:  3/3        EV:  5    Int:  5    God:
Gold:   58         SH:  0    Dex: 10    Spells: 3/3 levels left

rFire    . . .     SeeInvis .   a - +0 war axe
rCold    . . .     Gourm    .   k - +0 tower shield (curse)
rNeg     . . .     Faith    .   b - +0 scale mail
rPois    .         Spirit   .   (helmet restricted)
rElec    .         Reflect  .   (no cloak)
rCorr    .         Harm     .   (no gloves)
MR       .....                  (no boots)
Stlth    ..........             (no amulet)
HPRegen  0.13/turn              (no ring)
MPRegen  0.08/turn              (no ring)

@: confused
A: retaliatory headbutt, horns 2
a: no special abilities


You were on level 3 of the Dungeon.
You were not hungry.

You visited 1 branch of the dungeon, and saw 3 of its levels.

You collected 58 gold pieces.

Inventory:

Hand Weapons
 a - a +0 war axe (weapon)
Armour
 b - a +0 scale mail (worn)
 c - a +0 kite shield
 k - a cursed +0 tower shield (worn)
   (You found it on level 1 of the Dungeon)
Scrolls
 h - 4 scrolls of identify {unknown}
 j - 2 scrolls of teleportation {unknown}
 l - a scroll of random uselessness {unknown}
Potions
 d - a potion of might
 f - a potion of flight {unknown}
 g - 2 potions of curing {unknown}
Comestibles
 e - 6 rations


   Skills:
 + Level 4.2 Fighting
 * Level 3.8 Axes
 + Level 4.2 Armour
 + Level 4.2 Shields


You had 3 spell levels left.
You didn't know any spells.
Your spell library was empty.

Dungeon Overview and Level Annotations

Branches:
Dungeon (3/15)

Altars:

Annotations:
D:3 Sigmund


Innate Abilities, Weirdness & Mutations

You reflexively headbutt those who attack you in melee.
You have a pair of horns on your head.


Message History

You feel less confused. Something hits you.
You miss something. Something hits you but does no damage.
You closely miss something. You block something's attack.
You miss something. Something hits you but does no damage.
You miss something. Something hits you.
You miss something. Your headbutt misses something.
You block something's attack.
You slash something! Something hits you!
* * * LOW HITPOINT WARNING * * *
You miss something. You headbutt something.
You hear some strange, mumbled words.
You are confused.
You bump into the rock wall.
Something hits you.
* * * LOW HITPOINT WARNING * * *
You miss something. Your headbutt misses something.
You hear some strange, mumbled words.
A puff of flame appears from out of thin air!
The puff of flame hits you.
You die...

.. ##.# #... .
#..# ..# #+#
#..#
....#######.#
#..
.........@{.#
#{#
...##.<###.##
#.# #..##...##
#.#
#..#.....####.#
#..#..........#
#....#.########
##.###.# #..
..# #######


There were no monsters in sight!

Vanquished Creatures
  4 adders (D:2)
  A worm (D:2)
  A dart slug (D:2)
  3 leopard geckos
  A giant cockroach (D:1)
  A goblin (D:1)
  2 hobgoblins
  8 jackals
  5 bats
  A frilled lizard (D:2)
  3 kobolds
  4 rats (D:1)
34 creatures vanquished.

Notes
Turn   | Place    | Note
-------+----------+-------------------------------------------
     0 | D:1      | Flugslaktarn the Minotaur Fighter began the quest for the
                  | Orb.
     0 | D:1      | Reached XP level 1. HP: 19/19 MP: 0/0
   172 | D:1      | Reached XP level 2. HP: 26/27 MP: 1/1
   285 | D:2      | Reached XP level 3. HP: 33/33 MP: 2/2
   540 | D:2      | Reached XP level 4. HP: 37/40 MP: 3/3
   609 | D:3      | Noticed Sigmund
   818 | D:3      | HP: 2/40 [something (5)]
   819 | D:3      | Killed from afar by Sigmund

Levels and vault maps discovered:
D:1:      kennysheep_arrival_seaside, layout_rooms
D:2:      layout_basic, marbit_many_paths, xom_teletrap_fun
D:3:      layout_loops_corners, first_ration, serial_glass, glass_columns_c,
          glass_columns_c, minmay_strange_pillars, due_unseen_surprise,
          feat_on_display, item_on_display_a, chequers_ecumenical_altar_grove,
          uniq_sigmund

Skill      XL: |  1  2 |
---------------+-------+-----
Axes           | 3 |  3.8
Fighting       | 4 |  4.2
Armour         | 4 |  4.2
Shields        | 4 |  4.2

Action                   |  1- 3 |  4- 6 || total
-------------------------+-------+-------++-------
Melee: War axe           |    55 |    27 ||    82
       Headbutt          |    11 |     5 ||    16
Armor: Scale mail        |    34 |     7 ||    41
Dodge: Dodged            |     8 |     3 ||    11
Block: Kite shield       |     8 |       ||     8
       Tower shield      |    37 |    13 ||    50

Table legend:
 A = Non-vault XP
 B = Vault XP
 C = Vault XP percentage of total XP
 D = Non-vault monster count
 E = Vault monster count
 F = Vault count percentage of total count
                 A         B        C        D         E       F
            +---------+---------+-------+---------+---------+-------
      Total |     109 |       0 |   0.0 |      34 |       0 |   0.0
            +---------+---------+-------+---------+---------+-------
        D:1 |      20 |       0 |   0.0 |      13 |       0 |   0.0
        D:2 |      78 |       0 |   0.0 |      15 |       0 |   0.0
        D:3 |      11 |       0 |   0.0 |       6 |       0 |   0.0
            +---------+---------+-------+---------+---------+-------
